 Dungeon Crawl Stone Soup version 0.28-a0-305-g9e858e973b (webtiles) character file.

Game seed: 14503538911508608244

25 ytrimaz the Slasher (level 2, 0/27 HPs)
             Began as a Minotaur Berserker on Aug 29, 2021.
             Was a Follower of Trog.
             Succumbed to an adder's poison
             ... on level 2 of the Dungeon.
             The game lasted 00:01:29 (1079 turns).

ytrimaz the Slasher (Minotaur Berserker)            Turns: 1079, Time: 00:01:30

Health: 0/27       AC:  2    Str: 21    XL:     2   Next: 86%
Magic:  1/1        EV:  9    Int:  4    God:    Trog [*.....]
Gold:   65         SH:  0    Dex:  9    Spells: 1/1 levels left

rFire   . . .      SeeInvis .   a - +0 falchion
rCold   . . .      Faith    .   (no shield)
rNeg    . . .      Spirit   .   b - +0 animal skin
rPois   .          Reflect  .   (helmet restricted)
rElec   .          Harm     .   (no cloak)
rCorr   .          Rampage  .   (no gloves)
Will    .....                   (no boots)
Stlth   +.........              (no amulet)
HPRegen 0.09/turn               (no ring)
MPRegen 0.07/turn               (no ring)

@: lethally poisoned (0 -> -9), attractive, flying, constricted
A: horns 2, retaliatory headbutt
a: Renounce Religion, Berserk


You were on level 2 of the Dungeon.
You worshipped Trog.
Trog was aware of your devotion.
You visited 1 branch of the dungeon, and saw 2 of its levels.

You collected 65 gold pieces.

Inventory:

Hand Weapons
 a - a +0 falchion (weapon)
Armour
 b - a +0 animal skin (worn)
Scrolls
 d - a scroll of enchant weapon {unknown}
 e - a scroll of magic mapping {unknown}
 f - a scroll of blinking {unknown}
 h - a scroll of summoning {unknown}
 i - a scroll of identify {unknown}


   Skills:
 * Level 4.2 Fighting
 * Level 4.3 Long Blades
 + Level 2.7 Armour
 + Level 2.3 Dodging


You had one spell level left.
You didn't know any spells.
Your spell library was empty.

Dungeon Overview and Level Annotations

Branches:
Dungeon (2/15)

Altars:


Innate Abilities, Weirdness & Mutations

You have a pair of horns on your head.
You reflexively headbutt those who attack you in melee.


Message History

The bat closely misses you. The adder completely misses you.
The ball python closely misses you. The ball python constricts you.
The adder bites you. The ball python bites you. The ball python constricts you.
You closely miss the ball python. The bat hits you but does no damage.
The bat barely misses you. The adder closely misses you.
The ball python bites you. The ball python constricts you.
You hit the ball python. Your headbutt misses the ball python.
The ball python is moderately wounded.
The bat barely misses you. The adder closely misses you.
The ball python bites you but does no damage.
The ball python constricts you. The adder bites you but does no damage.
Unknown command.
You barely miss the adder.
The adder is severely wounded.
The bat hits you but does no damage. The ball python bites you.
* * * LOW HITPOINT WARNING * * *
The ball python constricts you. The bat barely misses you.
You furiously retaliate!
You headbutt the bat.
You kill the bat!
Trog accepts your kill. The adder bites you.
* * * LOW HITPOINT WARNING * * *
You are lethally poisoned!
The adder poisons you! The ball python barely misses you.
You furiously retaliate!
You headbutt the ball python, but do no damage.
The ball python constricts you.
* * * LOW HITPOINT WARNING * * *
It was a potion of flight.
You feel very buoyant.
You fly up into the air.
* * * LOW HITPOINT WARNING * * *
You feel sick. The adder bites you.
* * * LOW HITPOINT WARNING * * *
You are more poisoned.
The adder poisons you! The ball python barely misses you.
The ball python constricts you.
It was a potion of attraction.
You feel attractive to monsters.
You die...

.♣ ♣.♣#
########.#.....
.........♣...).
...............
.........♣.....
............. #
.......†.♣.♣#♣.♣
......S@......#
......S)...♣.♣..
..............#
...........♣.♣#
######.#<.## ..
#.#### . .. ..#
...


You could see an adder and a ball python.

Vanquished Creatures
  A dart slug (D:1)
  4 ball pythons (D:1)
  2 endoplasms
  A giant cockroach (D:1)
  A goblin (D:1)
  2 hobgoblins (D:1)
  5 kobolds
  4 bats
  A frilled lizard (D:1)
21 creatures vanquished.

Vanquished Creatures (others)
  2 plants (D:2)
2 creatures vanquished.

Grand Total: 23 creatures vanquished

Notes
Turn   | Place    | Note
-------+----------+-------------------------------------------
     0 | D:1      | ytrimaz the Minotaur Berserker began the quest for the Orb.
     0 | D:1      | Reached XP level 1. HP: 19/19 MP: 0/0
   524 | D:1      | Reached XP level 2. HP: 26/27 MP: 1/1
   824 | D:1      | Found a faded altar of an unknown god.
  1079 | D:2      | Succumbed to an adder's poison

Illustrated notes

Levels and vault maps discovered:
D:1:      shiori_arrival_elements, layout_basic,
          ebering_ecumenical_altar_sacrificial, corexii_item_surrounded_by_moat
D:2:      layout_basic, serial_forest, infiniplex_forest_diagonal,
          infiniplex_forest_zigzag_1, infiniplex_forest_straight_4,
          infiniplex_forest_lined_2, infiniplex_forest_lined_room_2,
          infiniplex_forest_end_1, infiniplex_forest_clump_medium, uniq_robin,
          uniq_natasha

Skill      XL: |  1  2 |
---------------+-------+-----
Long Blades    | 4 |  4.3
Fighting       | 4 |  4.2
Armour         | |  2.7
Dodging        | |  2.3

Action                   || total
-------------------------++-------
Melee: Falchion          ||    46
       Headbutt          ||     4
  Use: Potion            ||     2
Armor: Animal skin       ||    23
Dodge: Dodged            ||    60

Table legend: (Time is in decaauts)
 A = Elapsed time spent in this place.
 B = Non-inter-level travel time spent in this place.
 C = Inter-level travel time spent in this place.
 D = Time resting spent in this place.
 E = Time spent auto-exploring this place.
 F = Levels seen in this place.
 G = Mean time per level.
                   A        B        C        D        E       F      G
               +--------+--------+--------+--------+--------+-----+--------+
         Total |   1083 |   1058 |     25 |      0 |    901 |   2 |  541.5 |
       Dungeon |   1083 |   1058 |     25 |      0 |    901 |   2 |  541.5 |
               +--------+--------+--------+--------+--------+-----+--------+

Top non-repeatable levels by time:
     D:1: 1067 daAuts
     D:2: 15 daAuts
